 Dungeon Crawl Stone Soup version 0.18-a0-1202-g796ae12 (webtiles) character file.

58 Psiweapon the Bolt Thrower (level 4, 0/26 HPs)
             Began as a Kobold Hunter on Jan 31, 2016.
             Was an Initiate of Dithmenos.
             Slain by a kobold
             ... wielding a +0 short sword
              (7 damage)
             ... on level 3 of the Dungeon.
             The game lasted 00:08:15 (1852 turns).

Psiweapon the Bolt Thrower (Kobold Hunter)          Turns: 1852, Time: 00:08:15

Health: 0/26       AC:  4    Str: 10    XL:     4   Next: 20%
Magic:  4/4        EV: 15    Int:  9    God:    Dithmenos [......]
Gold:   96         SH:  0    Dex: 17    Spells: 0 memorised, 3 levels left

rFire  . . .     SeeInvis .     r - -1 dagger (curse)
rCold  . . .     Gourm    .     c - +1 leather armour
rNeg   . . .     Faith    .     (shield restricted)
rPois  .         Spirit   .     (no helmet)
rElec  .         Dismiss  .     (no cloak)
rCorr  .         Reflect  .     (no gloves)
SustAt .         Harm     .     (no boots)
MR     .....                    (no amulet)
Stlth  +++.......               (no ring)
                                h - ring of wizardry

@: not resistant to hostile enchantments, fairly stealthy
A: carnivore 3
a: Renounce Religion


You were on level 3 of the Dungeon.
You worshipped Dithmenos.
Dithmenos was noncommittal.
You were very full.

You visited 1 branch of the dungeon, and saw 3 of its levels.

You collected 96 gold pieces.

Inventory:

Hand Weapons
 a - a +1 hand crossbow
 b - a +0 short sword
 r - a cursed -1 dagger (weapon)
Missiles
 d - 38 bolts
 e - 11 sling bullets of flame
 j - 67 sling bullets
 w - 6 tomahawks (quivered)
Armour
 c - a +1 leather armour (worn)
 q - a +0 ring mail
Jewellery
 h - a ring of wizardry (left hand)
Scrolls
 k - 3 scrolls of teleportation
 m - a scroll of immolation
 n - 2 scrolls of identify
 p - a scroll of enchant armour
 t - 4 scrolls of noise
 u - a scroll of recharging
Potions
 g - a potion of curing
 i - a potion of heal wounds {unknown}
 o - a potion of magic {unknown}
 s - a potion of lignification {unknown}
 v - a potion of agility {unknown}
Comestibles
 f - 4 meat rations
 l - a slice of pizza


   Skills:
 - Level 2.1 Fighting
 + Level 3.1 Short Blades
 - Level 5.1 Crossbows
 + Level 0.0 Throwing
 - Level 2.4 Dodging
 - Level 3.3 Stealth


You had 3 spell levels left.
You didn't know any spells.

Dungeon Overview and Level Annotations

Branches:
Dungeon (3/15)

Altars:
Cheibriados
Dithmenos
Kikubaaqudgha
Okawaru


Innate Abilities, Weirdness & Mutations

You are small and have problems with some larger weapons.
You are carnivorous and can eat meat at any time.


Message History

You hit the kobold but do no damage. The kobold barely misses you.
The quokka closely misses you.
You hit the kobold but do no damage. The kobold misses you.
The quokka barely misses you.
You hit the kobold but do no damage. The quokka closely misses you.
The kobold misses you.
You hit the kobold.
The kobold is severely wounded.
The quokka bites you.
You barely miss the kobold.
The kobold is severely wounded.
The kobold hits you but does no damage. The quokka misses you.
You barely miss the kobold.
The kobold is moderately wounded.
The kobold closely misses you. The quokka bites you.
* * * LOW HITPOINT WARNING * * *
You hit the kobold but do no damage.
The kobold is moderately wounded.
The kobold hits you with a short sword!
You die...

#..#### ##....####
#.....>.#
###.#..... #.# ##.#
#.# #.###
#.########...###
#.....r@K(.....#
#########..........
#......####
#......# #......#
#K.....# #......#
#......#


You could see a quokka and a kobold.

Vanquished Creatures
  An adder (D:3)
  A worm (D:2)
  A ball python (D:2)
  4 giant cockroaches
  7 goblins
  8 hobgoblins
  A quokka (D:2)
  7 bats
  3 giant newts
  3 kobolds
  9 rats
45 creatures vanquished.

Notes
Turn   | Place    | Note
--------------------------------------------------------------
     0 | D:1      | Psiweapon the Kobold Hunter began the quest for the Orb.
     0 | D:1      | Reached XP level 1. HP: 12/12 MP: 1/1
    12 | D:1      | Reached skill level 5 in Crossbows
    75 | D:1      | Reached XP level 2. HP: 17/17 MP: 2/2
   622 | D:1      | Reached XP level 3. HP: 21/21 MP: 3/3
   801 | D:2      | Reached skill level 1 in Short Blades
   823 | D:2      | Found a snail-covered altar of Cheibriados.
  1238 | D:2      | Found an ancient bone altar of Kikubaaqudgha.
  1267 | D:2      | Found an iron altar of Okawaru.
  1579 | D:3      | Found a shadowy altar of Dithmenos.
  1582 | D:3      | Became a worshipper of Dithmenos the Shadowed
  1787 | D:3      | Reached XP level 4. HP: 21/26 MP: 4/4
  1852 | D:3      | Slain by a kobold

Vault maps used:
D:1:      ncdulo_watergridlock, corner_web_ring
D:2:      lemuel_coloured_pillars_altar, lemuel_doored_altar,
          kennysheep_okawaru_gauntlet
D:3:      grunt_dithmenos_smoke_and_mirrors, tgw_xom,
          gammafunk_temple_overflow_pools, interstate_on_off

Action                   |  1- 3 |  4- 6 || total
-------------------------+-------+-------++-------
Melee: Short sword       |    45 |       ||    45
       Dagger            |   142 |    35 ||   177
 Fire: Hand crossbow     |    10 |       ||    10
Throw: Tomahawk          |       |     1 ||     1
  Use: Scroll            |     7 |       ||     7
       Potion            |       |     1 ||     1
 Stab: Sleeping          |     9 |       ||     9
  Eat: Chunk             |    11 |       ||    11
